 Dungeon Crawl Stone Soup version 0.31-a0-233-g139696dc86 (webtiles) character file.

Game seed: 3189916482983841601

140613 garrulousMonolith the Geomancer (level 17, -3/109 HPs)
             Began as a Gargoyle Earth Elementalist on July 9, 2023.
             Was the Champion of Fedhas.
             Blown up by an orb spider (41 damage)
             ... with an orb of destruction
             ... on level 4 of the Spider Nest on July 10, 2023.
             The game lasted 01:07:52 (41790 turns).

garrulousMonolith the Geomancer (GrEE)             Turns: 41790, Time: 01:07:52

Health: -3/109     AC: 30    Str: 16    XL:     17   Next: 31%
Magic:  5/32       EV: 15    Int: 22    God:    Fedhas [******]
Gold:   775        SH:  0    Dex: 10    Spells: 20/38 levels left

rFire   + + .        s - +3 Elemental Staff {rElec rF+ rC+ AC+3}
rCold   + . .        W - +0 buckler
rNeg    + . .        Q - +0 leather armour "Purhoes" {+Inv Regen+ Int+2}
rPois   ∞            V - +2 hat {Stlth+}
rElec   +            C - +1 cloak of Starlight {*Dazzle EV+4 Stlth--}
rCorr   .            l - +2 pair of gloves
SInv    .            g - +0 pair of boots
Will    +....        x - amulet of reflection
Stlth   +            B - +5 ring of evasion
HPRegen 1.18/turn    u - ring of protection from fire
MPRegen 0.23/turn

%: reflection
@: flying, held
A: sickness immunity, AC +12, big wings, negative energy resistance 1,
electricity resistance, torment resistance 1, petrification resistance
a: Renounce Religion, Evoke Invisibility, Wall of Briars, Grow Ballistomycete,
Overgrow, Grow Oklob


You were on level 4 of the Spider Nest.
You worshipped Fedhas.
Fedhas was exalted by your worship.
You visited 4 branches of the dungeon, and saw 26 of its levels.
You also visited: Sewer and Ossuary.

You collected 2258 gold pieces.
You spent 1483 gold pieces at shops.

Inventory:

Hand Weapons
 q - the +6 morningstar of Feral Offence {flame, rC+ rN+ MP+9 SInv}
   (You found it on level 5 of the Dungeon)

   rC:        It protects you from cold.
   rN:        It protects you from negative energy.
   MP:        It affects your magic capacity (+9).
   SInv:      It lets you see invisible.
 s - the +3 Elemental Staff (weapon) {rElec rF+ rC+ AC+3}
   (You acquired it on level 4 of the Lair of Beasts)

   It enhances your fire, ice, earth and air magic.
   AC:        It affects your AC (+3).
   rF:        It protects you from fire.
   rC:        It protects you from cold.
   rElec:     It insulates you from electricity.
 y - a +2 whip of electrocution
 E - a +0 sling of draining
 P - a +0 dagger of venom
Missiles
 w - 47 poisoned darts (quivered)
 X - 2 curare-tipped darts
Armour
 e - a scarf of invisibility
 g - a +0 pair of boots (worn)
 l - a +2 pair of gloves (worn)
 C - the +1 cloak of Starlight (worn) {*Dazzle EV+4 Stlth--}
   (You bought it in a shop on level 2 of the Orcish Mines)

   *Dazzle:   It may blind those who miss an attack against the wearer in melee
   combat.
   EV:        It affects your evasion (+4).
   Stlth:     It makes you much less stealthy.
 Q - the +0 leather armour "Purhoes" (worn) {+Inv Regen+ Int+2}
   (You found it on level 8 of the Dungeon)

   Int:       It affects your intelligence (+2).
   +Inv:      It lets you turn invisible.
   Regen:     It increases your rate of health regeneration.
 V - a +2 hat of stealth (worn)
 W - a +0 buckler (worn)
 Y - a +0 kite shield of reflection
Jewellery
 h - a ring of resist corrosion
 u - a ring of protection from fire (right hand)
 x - an amulet of reflection (around neck)
 B - a +5 ring of evasion (left hand)
 D - the ring "Cioshruge" {rPois rN++ Int+3}
   (You found it on level 5 of the Dungeon)

   [ring of poison resistance]

   Int:       It affects your intelligence (+3).
   rPois:     It protects you from poison.
   rN:        It greatly protects you from negative energy.
 N - a +6 ring of strength
Wands
 m - a wand of mindburst (18)
 v - a wand of charming (18)
 F - a wand of roots (17)
 H - a wand of acid (5)
 O - a wand of polymorph (14)
 T - a wand of digging (12)
 U - a wand of flame (55)
Scrolls
 d - 3 scrolls of immolation
 n - 2 scrolls of vulnerability
 o - 2 scrolls of fog
 r - a scroll of enchant armour
 I - 9 scrolls of teleportation
 J - 2 scrolls of blinking
 L - 2 scrolls of poison
 M - 7 scrolls of enchant weapon
 R - 5 scrolls of identify
 S - 4 scrolls of amnesia
 Z - 2 scrolls of summoning
Potions
 a - 4 potions of mutation
 b - a potion of magic
 f - 6 potions of lignification
 i - 5 potions of might
 j - 5 potions of brilliance
 k - 3 potions of haste
 t - 2 potions of invisibility
 z - 6 potions of attraction
 A - a potion of ambrosia
 G - 5 potions of curing
 K - a potion of cancellation
Miscellaneous
 c - a lightning rod (1/4)
 p - a phantom mirror


   Skills:
 + Level 13.3 Fighting
 - Level 5.2(9.0) Maces & Flails
 - Level 11.5(12.0) Staves
 - Level 12.0 Armour
 - Level 1.5 Dodging
 - Level 2.1 Stealth
 - Level 4.0 Shields
 + Level 11.2 Spellcasting
 * Level 13.4 Conjurations
 - Level 2.0 Transmutations
 * Level 13.7 Earth Magic
 - Level 10.0 Invocations
 + Level 6.3 Evocations


You had 20 spell levels left.
You knew the following spells:

 Your Spells              Type           Power      Damage    Failure   Level
a - Sandblast             Erth           100%       2d20      1%          1
b - Stone Arrow           Conj/Erth      100%       3d13      1%          3
c - Passwall              Tmut/Erth      52%        N/A       1%          2
d - Lee's Rapid Deconstr  Erth           41%        3d20*     1%          5
e - Leda's Unmaking       Conj/Erth      41%        9d7       4%          6
f - Apportation           Tloc           24%        N/A       9%          1

Your spell library contained the following spells:

 Spells                   Type           Power      Damage    Failure   Level
 Kiss of Death            Conj/Necr      100%       2d13      1%          1
 Shock                    Conj/Air       100%       1d9       1%          1
 Momentum Strike          Conj/Tloc      84%        3d10      1%          2
 Dazzling Flash           Conj/Hex       84%        N/A       1%          3
 Petrify                  Tmut/Erth      63%        N/A       3%          4
 Iskenderun's Mystic Bla  Conj/Tloc      42%        2d10      4%          4
 Leda's Liquefaction      Hex/Erth       29%        N/A       4%          4
 Wereblood                Tmut           21%        N/A       5%          2
 Necrotise                Necr           48%        1d6       9%          1
 Slow                     Hex            48%        N/A       9%          1
 Summon Small Mammal      Summ           48%        N/A       9%          1
 Ensorcelled Hibernation  Hex/Ice        36%        N/A       12%         2
 Spider Form              Tmut/Pois      16%        N/A       16%         3
 Call Canine Familiar     Summ           12%        N/A       24%         3
 Confusing Touch          Hex            12%        N/A       24%         3
 Ozocubu's Armour         Ice            18%        N/A       24%         3
 Portal Projectile        Hex/Tloc       24%        N/A       24%         3
 Summon Guardian Golem    Hex/Summ       12%        N/A       24%         3
 Swiftness                Air            18%        N/A       24%         3
 Tukima's Dance           Hex            12%        N/A       24%         3
 Vampiric Draining        Necr           12%        2d6       24%         3
 Volatile Blastmotes      Fire/Tloc      36%        2d13      24%         3
 Orb of Destruction       Conj           32%        9d10      26%         7
 Starburst                Conj/Fire      29%        6d9       61%         6
 Airstrike                Air            9%         2d(2-18)  63%         4
 Anguish                  Hex/Necr       6%         N/A       63%         4
 Dispel Undead            Necr           12%        3d9       63%         4
 Passage of Golubria      Tloc           12%        N/A       63%         4
 Yara's Violent Unravell  Hex/Tmut       8%         3d5       83%         5
 Agony                    Necr           12%        N/A       92%         5
 Metabolic Englaciation   Hex/Ice        9%         N/A       92%         5
 Spellforged Servitor     Conj/Summ      21%        N/A       99%         7
 Simulacrum               Ice/Necr       9%         N/A       100%        6
 Summon Hydra             Summ           6%         N/A       100%        7
 Disjunction              Tloc           6%         N/A       100%        8
 Polar Vortex             Ice            9%         12d1*     100%        9
 Sublimation of Blood     Necr           Unusable   N/A       N/A         2
 Statue Form              Tmut/Erth      Unusable   N/A       N/A         6

Dungeon Overview and Level Annotations

Branches:
Dungeon (15/15)            Temple (0/1) D:6            Lair (5/5) D:10
  Swamp (0/4) Lair:2       Spider (4/4) Lair:3        Slime (0/5) Lair:5
    Orc (2/2) D:9             Elf (0/3) Orc:2        Vaults (0/5) D:14
 Depths (0/4) D:15          Sewer (visited)         Ossuary (visited)

Altars:
Dithmenos
Elyvilon
Fedhas
Kikubaaqudgha
Qazlal
Xom
Yredelemnul
Jiyva

Shops:
D:5 ?   D:6 !!**:   D:7 *   Orc:1 (   Orc:2 !?[:[

Portals:
Pandemonium: Orc:2

Annotations:
D:10 2 transporters, voltaire321's ghost, journeyman DsVM
D:12 2 transporters
D:14 1 runed translucent door


Innate Abilities, Weirdness & Mutations

You are immune to sickness and miasma.
Your stone body is resilient. (AC +12)
You are immune to poison.
Your large and strong wings let you fly.
You resist negative energy. (rN+)
You are resistant to electric shocks. (rElec)
You are resistant to unholy torment.
You are immune to petrification.


Message History

The jumping spider completely misses you.
The jumping spider bites you but does no damage.
The jumping spider misses you.
The jumping spider bites you but does no damage.
The orb of destruction hits you!!!
The jumping spider leaps!
The orb spider pulsates with a strange energy.
The jumping spider closely misses you.
The jumping spider bites you but does no damage.
Casting: Sandblast (safe; 1% risk of failure)
Confirm with . or Enter, or press ? or * to list all spells.
Aiming: Sandblast (safe; 1% risk of failure)
Press: ? - help, Shift-Dir - straight line, f/p - jumping spider
Aim: a jumping spider (almost dead, 82% to hit)
You feel a surge of power!
The blast of sand hits the jumping spider!
You kill the jumping spider!
Fedhas appreciates your contribution to the ecosystem.
Casting: Sandblast (safe; 1% risk of failure)
Confirm with . or Enter, or press ? or * to list all spells.
Aiming: Sandblast (safe; 1% risk of failure)
Press: ? - help, Shift-Dir - straight line, f - orb spider
Aim: an orb spider (fully charged, 85% to hit)
You feel a surge of power!
The blast of sand hits the orb spider!
The orb spider is moderately wounded.
The orb spider weaves a glowing orb of energy.
An orb of destruction comes into view.
Casting: Sandblast (safe; 1% risk of failure)
Confirm with . or Enter, or press ? or * to list all spells.
Aiming: Sandblast (safe; 1% risk of failure)
Press: ? - help, Shift-Dir - straight line, f/p - orb spider
Aim: an orb spider (moderately wounded, 85% to hit)
You feel a surge of power!
The blast of sand hits the orb spider!
The orb spider is severely wounded.
The jumping spider leaps!
The orb spider begins to weave its threads into a brightly glowing ball.
The jumping spider barely misses you. x2
The jumping spider pounces on you but does no damage.
The jumping spider misses you. The orb of destruction hits you!!!
You die...
Fedhas appreciates your contribution to the ecosystem.

.^# .#
###+###....# .#
.$......... ##
........!# .#
^....... ###
#...○s. .^#
###.^○○## .####
##.#s†☼.^#
##^.#
##....@..#
...###
##^.......#
.....#
#.......###
....##
#.......# ....#
##..#####
.)...######...#
.....#.##.†...#
#.......#...^##
^.^........####


You could see an orb spider (charged) and a jumping spider.

Vanquished Creatures
  Rupert (Lair:5)
  Gastronok (D:9)
  A ghost moth (Spider:2)
  3 emperor scorpions
  3 broodmothers
  2 dire elephants
  3 spark wasps
  An ettin (D:14)
  A vault guard (D:14)
  8 hydras
  3 radroaches
  Erica (D:8)
  A merfolk avatar (Lair:5)
  A jorogumo (Spider:3)
  3 centaur warriors
  2 demonspawn (Orc:2)
  3 two-headed ogres
  2 tengu warriors (D:15)
  2 boulder beetles
  Urug (Orc:2)
  5 orc high priests (Orc:2)
  6 demonic crawlers
  Nergalle (D:11)
  A skyshark (Lair:4)
  3 pharaoh ants
  The ghost of Brisketman the Gouger, a novice FeTm of Wu Jian (Orc:2)
  A bog body (Lair:2)
  A wizard (D:15)
  2 orb spiders
  6 steelbarb worms
  6 orc knights
  A harpy (shapeshifter) (D:15)
  A necromancer (D:15)
  16 wolf spiders
  A deep elf pyromancer (D:12)
  8 orc sorcerers
  3 cyclopes
  4 manticores
  13 ugly things
  3 moths of wrath
  19 elephants
  A naga mage (D:15)
  2 black mambas (Lair:4)
  7 slime creatures
  4 torpor snails
  Maurice (D:9)
  2 gargoyles
  19 cane toads
  Maggie (D:10)
  6 rime drakes
  Psyche (D:9)
  A kobold demonologist (D:10)
  17 komodo dragons
  A freezing wraith (D:10)
  2 efreet (D:15)
  3 yaktaurs (D:15)
  4 hellwings (Orc:2)
  8 trolls
  3 meliai (Spider:3)
  A red devil (Orc:2)
  A polar bear (shapeshifter) (D:14)
  3 polar bears
  A wolf spider simulacrum (D:15)
  14 tarantellas
  11 blink frogs
  4 hornets (Lair:5)
  17 dream sheep
  A snapping turtle (Lair:4)
  15 culicivoras
  5 shadows
  24 jumping spiders
  A ynoxinul (Orc:2)
  4 wyverns
  60 yaks
  A wraith (D:13)
  5 basilisks
  37 redbacks
  A vampire mosquito (D:10)
  Menkaure (D:6)
  5 steam dragons
  2 acid dragons (D:10)
  11 water moccasins
  29 orc warriors
  6 ogres
  2 sky beasts
  A black bear (Lair:3)
  An ice beast (D:5)
  5 centaurs
  10 wolves
  3 phantoms
  7 kobold brigands
  8 bullfrogs
  17 wights
  9 scorpions
  A troll zombie (D:9)
  5 killer bees
  9 electric eels
  6 howler monkeys
  4 centaur zombies
  2 hounds (D:7)
  2 human zombies (Ossuary)
  3 jellies
  34 orc priests
  Crazy Yiuf (D:5)
  3 gnoll boudas
  Jessica (D:3)
  9 scorpion zombies
  Natasha (thrice) (D:3)
  4 iguanas
  21 orc wizards
  7 ogre zombies (D:9)
  A hound zombie (D:4)
  3 mummies (Ossuary)
  24 gnolls
  7 adders
  A hound simulacrum (D:3)
  2 shadow imps
  2 white imps (D:6)
  2 ufetubi (D:6)
  2 adder skeletons (D:3)
  5 worms
  3 dart slugs
  70 orcs
  8 endoplasms
  A gnoll zombie (Ossuary)
  7 goblins
  8 hobgoblins
  8 jackals
  4 quokkas
  9 ball pythons
  6 bats
  5 frilled lizards
  A giant cockroach zombie (D:3)
  4 goblin zombies
  2 hobgoblin skeletons (D:9)
  3 hobgoblin zombies
  A jackal zombie (D:3)
  29 kobolds
  An orc skeleton (D:9)
  20 orc zombies
  6 rats
911 creatures vanquished.

Vanquished Creatures (collateral kills)
  Jorgrun (D:14)
  A demonic crawler (Spider:1)
  A pharaoh ant (Spider:1)
  A jumping spider (Spider:1)
  A yak (Lair:3)
  A wyvern (Lair:3)
  A redback (Spider:1)
  3 ballistomycete spores (Spider:1)
10 creatures vanquished.

Vanquished Creatures (others)
  A scorpion (D:5)
  An orc (Orc:2)
2 creatures vanquished.

Grand Total: 923 creatures vanquished

Notes
Turn   | Place    | Note
-------+----------+-------------------------------------------
     0 | D:1      | garrulousMonolith the Gargoyle Earth Elementalist began the
                  | quest for the Orb.
     0 | D:1      | Reached XP level 1. HP: 10/10 MP: 3/3
   161 | D:1      | Reached skill level 1 in Transmutations
   176 | D:1      | Reached XP level 2. HP: 16/16 MP: 0/5
   385 | D:1      | Reached skill level 1 in Fighting
   400 | D:1      | Reached XP level 3. HP: 20/20 MP: 3/6
   407 | D:1      | Learned a level 3 spell: Stone Arrow
   410 | D:1      | Learned a level 2 spell: Passwall
  1079 | D:2      | Reached skill level 1 in Conjurations
  1079 | D:2      | Reached XP level 4. HP: 13/25 MP: 2/7
  1944 | D:3      | Noticed Jessica
  2052 | D:3      | Noticed a scorpion
  2054 | D:3      | Killed a scorpion
  2055 | D:3      | Reached XP level 5. HP: 30/30 MP: 5/9
  2181 | D:3      | Noticed Natasha
  2205 | D:3      | Killed Natasha
  2206 | D:3      | Reached skill level 5 in Earth Magic
  2218 | D:3      | Reached XP level 6. HP: 15/36 MP: 1/10
  2223 | D:3      | Noticed Natasha
  2227 | D:3      | Killed Natasha
  2320 | D:3      | Identified the +7 dagger of Woecloh {pain, rElec Will-
                  | rCorr MP+9}
  2370 | D:3      | Killed Jessica
  2593 | D:3      | Noticed Natasha
  2595 | D:3      | Killed Natasha
  3102 | D:4      | Reached XP level 7. HP: 41/41 MP: 7/11
  3109 | D:4      | Found a basalt altar of Yredelemnul.
  3359 | D:4      | Found a glowing drain.
  3368 | Sewer    | Entered a sewer
  3851 | D:5      | Entered Level 5 of the Dungeon
  3856 | D:5      | Identified the +6 morningstar of Feral Offence {flame, rC+
                  | rN+ MP+9 SInv}
  4191 | D:5      | Reached XP level 8. HP: 48/48 MP: 8/13
  4194 | D:5      | Reached skill level 1 in Armour
  4682 | D:5      | Found a blossoming altar of Fedhas.
  4686 | D:5      | Became a worshipper of Fedhas Madash
  4726 | D:5      | Found a runed translucent door.
  4727 | D:5      | Noticed Crazy Yiuf
  4732 | D:5      | Killed Crazy Yiuf
  4863 | D:5      | Found Jizupn's Magic Scroll Emporium.
  4871 | D:5      | Bought a scroll of blinking for 97 gold pieces
  5165 | D:5      | Identified the ring "Cioshruge" {rPois rN++ Int+3}
  5439 | D:6      | Found Cuniysch's General Store.
  5439 | D:6      | Found Hadghua's Assorted Antiques.
  5448 | D:6      | Bought a metallic dark potion for 24 gold pieces
  5480 | D:6      | Reached skill level 5 in Conjurations
  5501 | D:6      | Found Jallod's Book Shop.
  5548 | D:6      | Reached * piety under Fedhas
  5569 | D:6      | Found an ancient bone altar of Kikubaaqudgha.
  5602 | D:6      | Found Hiosab's Distillery.
  5611 | D:6      | Bought a potion of curing for 45 gold pieces
  5611 | D:6      | Bought a potion of heal wounds for 75 gold pieces
  5630 | D:6      | Found a white marble altar of Elyvilon.
  5663 | D:6      | Found a sand-covered staircase.
  5669 | Ossuary  | Entered an ossuary
  5799 | Ossuary  | Reached XP level 9. HP: 42/53 MP: 7/15
  5878 | Ossuary  | Reached skill level 5 in Fighting
  6200 | Ossuary  | Reached ** piety under Fedhas
  6306 | D:6      | Noticed Menkaure
  6311 | D:6      | Killed Menkaure
  6400 | D:6      | Found a staircase to the Ecumenical Temple.
  6403 | D:6      | Found Zawywyp's Distillery.
  6435 | D:6      | Bought 2 potions of curing for 84 gold pieces
  6847 | D:7      | Found Eliexeor's General Store.
  6926 | D:7      | Reached skill level 5 in Spellcasting
  6986 | D:7      | Found a shimmering altar of Xom.
  6987 | D:7      | Found a shadowy altar of Dithmenos.
  7457 | D:7      | Reached XP level 10. HP: 60/60 MP: 5/17
  7798 | D:8      | Reached skill level 10 in Earth Magic
  8250 | D:8      | Noticed Erica
  8264 | D:8      | Reached *** piety under Fedhas
  8270 | D:8      | Killed Erica
  8470 | D:8      | Reached skill level 5 in Armour
  8581 | D:8      | Identified the +0 leather armour "Purhoes" {+Inv Regen+
                  | Int+2}
  9450 | D:9      | Noticed Psyche
  9453 | D:9      | Killed Psyche
  9782 | D:9      | Reached **** piety under Fedhas
  9797 | D:9      | Found a staircase to the Orcish Mines.
 10170 | D:9      | Noticed Maurice
 10184 | D:9      | Killed Maurice
 10386 | D:9      | Reached XP level 11. HP: 67/67 MP: 16/20
 10490 | D:9      | Reached ***** piety under Fedhas
 10673 | D:9      | Noticed Gastronok
 10684 | D:9      | Killed Gastronok
 10866 | D:9      | Noticed a two-headed ogre
 10870 | D:9      | Killed a two-headed ogre
 11479 | D:10     | Entered Level 10 of the Dungeon
 11524 | D:10     | Found a staircase to the Lair.
 11608 | D:10     | Noticed an orc knight
 11615 | D:10     | Killed an orc knight
 11616 | D:10     | Reached skill level 1 in Shields
 11622 | D:10     | Reached skill level 10 in Conjurations
 12229 | D:10     | Noticed a cyclops
 12234 | D:10     | Killed a cyclops
 12445 | D:10     | Noticed a cyclops
 12447 | D:10     | Noticed Maggie
 12574 | D:10     | Killed a cyclops
 12697 | D:10     | Killed Maggie
 12702 | D:10     | Reached XP level 12. HP: 74/74 MP: 11/22
 12900 | D:10     | Identified the +3 scale mail of Courage {Will++}
 12953 | D:10     | Found a transporter.
 13515 | D:10     | Found a transporter.
 13666 | D:10     | Noticed voltaire321's ghost (journeyman DsVM)
 14070 | D:11     | Noticed Nergalle
 14083 | D:11     | Killed Nergalle
 14685 | Lair:1   | Entered Level 1 of the Lair of Beasts
 14922 | Lair:1   | Reached skill level 1 in Invocations
 15995 | Lair:2   | Reached ****** piety under Fedhas
 16396 | Lair:2   | Found a staircase to the Swamp.
 16405 | Lair:2   | Reached skill level 5 in Invocations
 16545 | Lair:2   | Reached XP level 13. HP: 80/80 MP: 12/25
 16917 | Lair:2   | Found a stormy altar of Qazlal.
 17047 | Lair:3   | Noticed Sonja
 17324 | Lair:3   | Sonja changed into Sonja the black bear
 17324 | Lair:3   | Noticed Sonja
 17328 | Lair:3   | Killed Sonja the black bear
 17335 | Lair:3   | Found a hole to the Spider Nest.
 17541 | Lair:3   | Reached skill level 10 in Fighting
 17853 | Lair:3   | Reached skill level 1 in Maces & Flails
 19317 | D:6      | Bought a book of the Earth for 650 gold pieces
 19323 | D:6      | Learned a level 5 spell: Lee's Rapid Deconstruction
 19330 | D:6      | Learned a level 6 spell: Leda's Unmaking
 20213 | Lair:4   | Gained mutation: Your large and strong wings let you fly.
                  | [Gargoyle growth]
 20213 | Lair:4   | Reached XP level 14. HP: 64/88 MP: 16/27
 20445 | Lair:4   | Reached skill level 10 in Armour
 20876 | Lair:4   | Reached skill level 5 in Maces & Flails
 21420 | Lair:4   | Identified a scroll of acquirement
 21420 | Lair:4   | Acquired the +3 Elemental Staff {rElec rF+ rC+ AC+3}
 21420 | Lair:4   | Found the +3 Elemental Staff {rElec rF+ rC+ AC+3}
 21479 | Lair:5   | Entered Level 5 of the Lair of Beasts
 21548 | Lair:5   | Reached skill level 1 in Staves
 21666 | Lair:5   | Noticed Rupert
 22732 | Lair:5   | Found a staircase to the Slime Pits.
 22966 | Lair:5   | Reached skill level 10 in Invocations
 23020 | Lair:5   | Killed Rupert
 23295 | Lair:5   | Noticed a dire elephant
 23981 | Lair:5   | Killed a dire elephant
 24018 | Lair:5   | Reached skill level 5 in Staves
 24228 | Lair:5   | Identified the +9 rapier "Dophoilerph" {flame, rPois Will-
                  | Int+5}
 24897 | D:12     | Reached skill level 1 in Evocations
 24897 | D:12     | Reached XP level 15. HP: 80/96 MP: 2/28
 25074 | D:12     | Found a transporter.
 25083 | D:12     | Found a viscous altar of Jiyva.
 25155 | D:12     | Found a transporter.
 25825 | D:13     | Reached skill level 10 in Spellcasting
 26828 | D:14     | Found a runed translucent door.
 27020 | D:13     | Learned a level 1 spell: Apportation
 27209 | D:14     | Noticed Jorgrun
 27232 | D:14     | Killed Jorgrun
 28119 | D:14     | Found a gate to the Vaults.
 28195 | D:15     | Entered Level 15 of the Dungeon
 28199 | D:15     | Got the Vellum of Chilly Space
 28313 | D:15     | Found a shadowy altar of Dithmenos.
 29115 | D:15     | Found a staircase to the Depths.
 30251 | Orc:1    | Entered Level 1 of the Orcish Mines
 30662 | Orc:1    | Found Loli's Weapon Shop.
 30848 | Orc:2    | Entered Level 2 of the Orcish Mines
 31520 | Orc:2    | Noticed Urug
 31529 | Orc:2    | Killed Urug
 31681 | Orc:2    | Found Ugogaun's Armour Shop.
 31690 | Orc:2    | Bought the +1 cloak of Starlight {*Dazzle EV+4 Stlth--} for
                  | 366 gold pieces
 31690 | Orc:2    | Found the +1 cloak of Starlight {*Dazzle EV+4 Stlth--}
 31788 | Orc:2    | Paralysed by an orc sorcerer for 5 turns
 32200 | Orc:2    | Found a staircase to the Elven Halls.
 32817 | Orc:2    | Found Jaonasch's Magic Scroll Boutique.
 32991 | Orc:2    | Found Kogygaxu's Distillery.
 33120 | Orc:2    | Bought a scroll of blinking for 82 gold pieces
 33122 | Orc:2    | Bought a potion of heal wounds for 60 gold pieces
 33274 | Orc:2    | Found a runed translucent door.
 33275 | Orc:2    | Noticed Brisketman's ghost (novice FeTm)
 33417 | Orc:2    | Reached XP level 16. HP: 102/102 MP: 14/30
 33707 | Orc:2    | Reached skill level 10 in Staves
 33930 | Orc:2    | HP: 5/102 [orc high priest/divine providence (14)]
 34310 | Orc:2    | Found Feuqepy's Antique Armour Shoppe.
 34310 | Orc:2    | Found Anam's Book Emporium.
 34311 | Orc:2    | Found a one-way gate leading to the halls of Pandemonium.
 34380 | Orc:2    | Killed Brisketman's ghost
 34627 | Spider:1 | Entered Level 1 of the Spider Nest
 34941 | Spider:1 | Reached skill level 5 in Evocations
 39720 | Spider:3 | Reached XP level 17. HP: 108/108 MP: 0/32
 41256 | Spider:4 | Entered Level 4 of the Spider Nest
 41790 | Spider:4 | Blown up by an orb spider

Illustrated notes

Levels and vault maps discovered:
D:1:      dpeg_arrival_radiant, layout_rooms, chequers_decorated_corner,
          minmay_pentomino_w2
D:2:      layout_loops_ring, serial_co_window_serial, co_window_paths_b,
          co_window_corner_a, co_window_corner_a, co_window_paths_b,
          co_window_corner_a, co_window_2corner, co_window_corner_b,
          co_window_2corner, co_window_corner_ca, glass_columns_a,
          glass_columns_a, glass_columns_b, glass_columns_a, minmay_cupped
D:3:      layout_rooms, ebering_dispersal_statue_hall, minmay_tree_intersection,
          minmay_misc_feat_encased, dilly_guarded_unrand_morg, uniq_natasha,
          uniq_jessica
D:4:      layout_basic, lemuel_zombie_altar_yredelemnul,
          cheibrodos_sewer_entry_bend
D:5:      layout_layer_cave, kennysheep_mini, serial_shops, shop,
          uniq_crazy_yiuf_cottage
D:6:      layout_basic, marbit_many_paths, elyvilon_altar_3,
          minmay_temple_entry_statues_fountains, serial_shops, shop,
          nicolae_shop_temple_entry_statues_fountains,
          nicolae_book_shop_shelving, nicolae_shop_industrial_runoff, shop,
          nicolae_ossuary_entry_monument, uniq_menkaure
D:7:      wad_lake_hut, layout_gridville, nicolae_overflow_squiral,
          serial_shops, shop
D:8:      layout_cave_pods, uniq_erica
D:9:      layout_stronghold, zombieorc2_lemuel, uniq_psyche, uniq_maurice,
          uniq_gastronok
D:10:     layout_basic, david_lair_shrubbed, gammafunk_ghost_hive,
          nzn_random_ring, uniq_maggie
D:11:     layout_cave_pools, uniq_nergalle
D:12:     gammafunk_jiyva_shrine, layout_gridville
D:13:     layout_roguey, solitary_fountain, dk_noncrumbling_4
D:14:     layout_grid_maze, david_vaults_4, lightli_airlock, uniq_jorgrun
D:15:     hangedman_depths_entry_try_elsewhere_first, layout_gridville,
          grunt_dithmenos_shadows, minmay_librarian
Lair:1:   layout_regular_city, st_stairs_12
Lair:2:   layout_cave_pods, skrybe_swamp_entry_bodies, basic_altar, st_stairs_9
Lair:3:   layout_cave_pods, nicolae_spider_entry_lesser_pyramids, uniq_sonja
Lair:4:   nzn_winding_woodlands_three_and_one
          [nzn_winding_woodlands_5x15_river_crossing,
          nzn_winding_woodlands_5x15_sawtooth, nzn_winding_woodlands_5x15_cabin,
          nzn_winding_woodlands_center_triple_pond], layout_big_grid,
          wad_woods_river_03
Lair:5:   gammafunk_lair_ancient_temple, layout_regular_city, slime_entry_1,
          uniq_rupert
Spider:1: layout_spider_delve
Spider:2: layout_chambers
Spider:3: layout_chambers
Spider:4: guppyfry_spider_rune, portal_ice_cave_entry_frozen_things,
          hellmonk_test_site
Orc:1:    layout_caves, serial_shops, nicolae_shop_bloodbath_and_beyond
Orc:2:    pf_orc_diabolical, layout_caves, serial_shops, shop,
          ebering_ghost_inner_flame, statue_in_the_mist_lemuel, uniq_urug

Skill      XL: |  1  2  3  4  5  6  7  8  9 10 11 12 13 14 15 16 17 |
---------------+----------------------------------------------------+-----
Transmutations | 1 2 |  2.0
Fighting       | 1 2 3 4 5 7 8 9 10 11 12 13 | 13.3
Earth Magic    | 4 5 6 7 8 9 11 12 13 | 13.7
Conjurations   | 1 2 4 5 7 9 10 12 13 | 13.4
Spellcasting   | 3 4 5 6 7 8 9 10 11 | 11.2
Armour         | 2 4 5 7 8 9 11 12 | 12.0
Shields        | 3 4 |  4.0
Invocations    | 5 8 10 | 10.0
Maces & Flails | 4 5 |  5.2
Staves         | 5 9 11 | 11.5
Evocations     | 1 4 5 6 |  6.3
Dodging        | |  1.5
Stealth        | |  2.1

Action                     |  1- 3 |  4- 6 |  7- 9 | 10-12 | 13-15 | 16-18 || total
---------------------------+-------+-------+-------+-------+-------+-------++-------
  Melee: Unarmed           |     4 |       |       |       |       |       ||     4
         Dagger            |    18 |       |       |       |     7 |       ||    25
         Spear             |       |    72 |     5 |       |       |       ||    77
         Whip              |       |       |    89 |   192 |    61 |       ||   342
         Punch             |       |       |     3 |       |       |       ||     3
         Staff             |       |       |       |       |   101 |   181 ||   282
         Morningstar       |       |       |       |       |     9 |       ||     9
   Fire: Sling             |       |       |       |     2 |       |       ||     2
  Throw: Dart              |       |       |       |     3 |     2 |       ||     5
   Cast: Sandblast         |    45 |    70 |   153 |   244 |   680 |   417 ||  1609
         Stone Arrow       |       |       |    39 |   162 |   366 |   226 ||   793
         Leda's Unmaking   |       |       |       |       |     5 |       ||     5
         Lee's Rapid Decon |       |       |       |       |    33 |     9 ||    42
 Invoke: Overgrow          |       |       |       |       |     1 |     1 ||     2
         Wall of Briars    |       |       |       |       |     1 |       ||     1
         Grow Oklob        |       |       |       |       |     1 |       ||     1
  Evoke: Wand              |       |       |       |     8 |    13 |     7 ||    28
         Lightning rod     |       |       |       |       |     3 |    11 ||    14
    Use: Scroll            |     2 |     2 |     3 |     9 |    15 |     5 ||    36
         Potion            |       |     1 |     1 |     4 |     6 |     7 ||    19
   Stab: Sleeping          |       |     2 |       |       |       |       ||     2
         Invisible         |       |       |       |       |       |    10 ||    10
 Armour: Robe              |    11 |     4 |       |       |       |       ||    15
         Leather armour    |       |    34 |    79 |   133 |   607 |   464 ||  1317
         Steam dragon scal |       |       |     5 |    10 |       |       ||    15
  Dodge: Dodged            |    24 |    49 |   202 |   260 |   886 |  1110 ||  2531
  Block: Other             |       |       |    60 |    41 |       |       ||   101
         Reflection        |       |       |       |     6 |    24 |     3 ||    33
         Buckler           |       |       |       |    80 |   635 |   564 ||  1279

Table legend: (Time is in decaauts)
 A = Elapsed time spent in this place.
 B = Non-inter-level travel time spent in this place.
 C = Inter-level travel time spent in this place.
 D = Time resting spent in this place.
 E = Time spent auto-exploring this place.
 F = Levels seen in this place.
 G = Mean time per level.
                   A        B        C        D        E       F      G
               +--------+--------+--------+--------+--------+-----+--------+
         Total |  42746 |  41187 |   1559 |  11786 |  21952 |  28 | 1526.6 |
       Dungeon |  20469 |  19366 |   1103 |   4361 |  11841 |  15 | 1364.6 |
          Lair |   9978 |   9604 |    374 |   3232 |   4537 |   5 | 1995.6 |
   Spider Nest |   7271 |   7235 |     36 |   2043 |   3851 |   4 | 1817.8 |
  Orcish Mines |   4154 |   4109 |     45 |   2103 |   1204 |   2 | 2077.0 |
         Sewer |    205 |    205 |      0 |      0 |    135 |   1 |  205.0 |
       Ossuary |    666 |    666 |      0 |     46 |    382 |   1 |  666.0 |
               +--------+--------+--------+--------+--------+-----+--------+

Top non-repeatable levels by time:
Spider:3: 3381 daAuts
   Orc:2: 3196 daAuts
    D:10: 2505 daAuts
     D:9: 2484 daAuts
  Lair:3: 2318 daAuts
  Lair:4: 2298 daAuts
  Lair:5: 2259 daAuts
Spider:2: 2110 daAuts
    D:15: 1952 daAuts
     D:8: 1884 daAuts
  Lair:2: 1725 daAuts
     D:5: 1483 daAuts
    D:13: 1411 daAuts
  Lair:1: 1376 daAuts
    D:14: 1318 daAuts
